 Dungeon Crawl Stone Soup version 0.29-a0-892-g2c4c91d9db (webtiles) character file.

Game seed: 12742821691004714822

24320 zeratav the Zephyrmancer (level 13, -8/86 HPs)
             Began as an Octopode Venom Mage on July 21, 2022.
             Was an Initiate of Gozag.
             Mangled by a six-headed hydra (10 damage)
             ... on level 4 of the Lair of Beasts on July 22, 2022.
             The game lasted 00:50:26 (22242 turns).

zeratav the Zephyrmancer (Octopode Venom Mage)     Turns: 22242, Time: 00:50:27

Health: -8/86      AC:  1    Str: 14    XL:     13   Next: 12%
Magic:  0/20       EV: 16    Int: 31    God:    Gozag
Gold:   1531       SH:  0    Dex: 15    Spells: 6/22 levels left

rFire   . . .      SeeInvis +   B - +7 long sword "Onnafruh" {drain, *Corrode Str+4 Dex+3, long}
rCold   + + .      Faith    .   (no shield)
rNeg    + + +      Spirit   .   d - +0 hat
rPois   .          Reflect  .   K - amulet of the acrobat
rElec   .          Harm     .   c - ring of Utruywikh {rC+ rN+ Stlth+}
rCorr   +          Rampage  .   A - ring of Isearaps {rN+ Will+ SInv Stlth+}
Will    ++...                   m - ring "Zoliywn" {rC+ Will+ rCorr Slay-2}
Stlth   ++++++....              G - +6 ring of intelligence
HPRegen 0.24/turn               H - ring "Ycseteg" {rN+ Str+3 Int+2}
MPRegen 0.17/turn               (no ring)
                                (no ring)
                                (no ring)

@: gold aura
A: almost no armour, amphibious, 8 rings, camouflage 1, gelatinous body 1,
(nimble swimmer 1), tentacles, mutation resistance 1, MP-powered wands
a: Renounce Religion, Potion Petition, Call Merchant, Bribe Branch


You were on level 4 of the Lair of Beasts.
You worshipped Gozag.
Gozag was most pleased with you.
You visited 2 branches of the dungeon, and saw 15 of its levels.
You also visited: Ossuary and Bailey.

You collected 4354 gold pieces.
You spent 2747 gold pieces at shops.
You paid 76 gold pieces to Gozag.


Innate Abilities, Weirdness & Mutations

You cannot wear most types of armour.
You are amphibious.
You can wear up to eight rings at the same time.
Your skin changes colour to match your surroundings (Stealth+).
Your rubbery body absorbs attacks. (AC +1, EV +1)
((You are camouflaged when in or above water. (Stealth+)))
You have tentacles for arms and can constrict up to eight enemies at once.
You are somewhat resistant to further mutation.
You expend magic power (3 MP) to strengthen your wands.


   Skills:
 - Level 7.0 Fighting
 - Level 7.0 Dodging
 - Level 5.0 Stealth
 - Level 5.0 Spellcasting
 - Level 7.7 Conjurations
 - Level 4.3 Necromancy
 - Level 1.0 Transmutations
 + Level 12.3 Air Magic
 - Level 7.7 Earth Magic
 - Level 10.0 Poison Magic


You had 6 spell levels left.
You knew the following spells:

 Your Spells              Type           Power      Damage    Failure   Level
a - Airstrike             Air            35%        0-12+     1%          4
b - Poisonous Vapours     Pois/Air       100%       N/A       1%          2
c - Olgreb's Toxic Radia  Pois           63%        N/A       1%          4
d - Ignite Poison         Fire/Tmut/Pois 30%        N/A       3%          3
e - Stone Arrow           Conj/Erth      100%       3d13      1%          3

Your spell library contained the following spells:

 Spells                   Type           Power      Damage    Failure   Level
 Foxfire                  Conj/Fire      100%       2x1d9     1%          1
 Magic Dart               Conj           100%       1d8       1%          1
 Sting                    Tmut/Pois      100%       1d8       1%          1
 Static Discharge         Conj/Air       63%        3-11/arc  1%          2
 Mephitic Cloud           Conj/Pois/Air  63%        N/A       1%          3
 Spider Form              Tmut/Pois      41%        N/A       1%          3
 Lightning Bolt           Conj/Air       31%        1d48      2%          5
 Beastly Appendage        Tmut           28%        N/A       3%          1
 Conjure Flame            Conj/Fire      31%        6-21      3%          3
 Summon Lightning Spire   Summ/Air       46%        N/A       4%          4
 Wereblood                Tmut           14%        N/A       5%          2
 Call Imp                 Summ           7%         N/A       9%          2
 Scorch                   Fire           14%        2d5       9%          2
 Dispel Undead            Necr           34%        3d15      9%          4
 Freezing Cloud           Conj/Ice/Air   24%        6-21      10%         5
 Flame Wave               Conj/Fire      31%        2d8       11%         4
 Iskenderun's Mystic Bla  Conj/Tloc      31%        2d8       11%         4
 Sticky Flame             Conj/Fire      31%        2d5       11%         4
 Borgnjor's Vile Clutch   Necr/Erth      22%        N/A       13%         5
 Inner Flame              Hex/Fire       7%         N/A       16%         3
 Teleport Other           Tloc           7%         N/A       16%         3
 Alistair's Intoxication  Tmut/Pois      27%        N/A       16%         5
 Eringya's Noxious Bog    Tmut/Pois      20%        N/A       65%         6
 Death Channel            Necr           17%        N/A       80%         6
 Maxwell's Capacitive Co  Air            35%        ∞         92%         8
 Storm Form               Tmut/Air       24%        N/A       96%         7
 Lehudib's Crystal Spear  Conj/Erth      27%        10d7      100%        8
 Chain Lightning          Conj/Air       31%        3d42      100%        9
 Dragon's Call            Summ           3%         N/A       100%        9
 Fire Storm               Conj/Fire      15%        8d4       100%        9
 Polar Vortex             Ice            3%         N/A       100%        9
 Shatter                  Erth           27%        3d23*     100%        9
 Corpse Rot               Necr/Pois/Air  Unusable   N/A       N/A         4
 Animate Armour           Summ/Erth      Unusable   N/A       N/A         4
 Simulacrum               Ice/Necr       Unusable   N/A       N/A         6

Inventory:

Hand Weapons
 t - a +4 short sword of protection {short}
   (You took it off an orc on level 6 of the Dungeon)
 y - a +4 dagger of venom {short}
   (You took it off an orc wizard on level 10 of the Dungeon)
 B - the +7 long sword "Onnafruh" (weapon) {drain, *Corrode Str+4 Dex+3, long}
   (You found it on level 7 of the Dungeon)

   A truly terrible weapon, it drains the life of any living foe it strikes.
   Str:       It affects your strength (+4).
   Dex:       It affects your dexterity (+3).
   *Corrode:  It may corrode you when you take damage.
 F - the +2 rapier of Guilt {flame, *Slow Fly Int+8 Dex+4, short}
   (You found it in a bailey)

   It burns those it strikes, dealing additional fire damage.
   Int:       It affects your intelligence (+8).
   Dex:       It affects your dexterity (+4).
   Fly:       It grants you flight.
   *Slow:     It may slow you when you take damage.
Missiles
 M - a boomerang of dispersal {=fthrowing}
Armour
 d - a +0 hat (worn)
   (You found it on level 10 of the Dungeon)
 h - a +0 tower shield
   (You found it on level 2 of the Dungeon)
Jewellery
 c - the ring of Utruywikh (left tentacle) {rC+ rN+ Stlth+}
   (You acquired it on level 3 of the Dungeon)

   [ring of protection from cold]

   rC:        It protects you from cold.
   rN:        It protects you from negative energy.
   Stlth:     It makes you more stealthy.
 m - the ring "Zoliywn" (on tentacle) {rC+ Will+ rCorr Slay-2}
   (You acquired it on level 7 of the Dungeon)

   [ring of willpower]

   Slay:      It affects your accuracy & damage with ranged weapons and melee
   (-2).
   rC:        It protects you from cold.
   rCorr:     It protects you from acid and corrosion.
   Will:      It increases your willpower.
 A - the ring of Isearaps (right tentacle) {rN+ Will+ SInv Stlth+}
   (You bought it in a shop on level 3 of the Dungeon)

   [ring of see invisible]

   rN:        It protects you from negative energy.
   SInv:      It lets you see invisible.
   Will:      It increases your willpower.
   Stlth:     It makes you more stealthy.
 G - a +6 ring of intelligence (on tentacle)
   (You bought it in a shop on level 3 of the Dungeon)
 H - the ring "Ycseteg" (on tentacle) {rN+ Str+3 Int+2}
   (You acquired it on level 3 of the Dungeon)

   [ring of positive energy]

   Str:       It affects your strength (+3).
   Int:       It affects your intelligence (+2).
   rN:        It protects you from negative energy.
 K - an amulet of the acrobat (around mantle)
   (You found it on level 9 of the Dungeon)
Wands
 o - a wand of iceblast (21)
   (You found it on level 3 of the Dungeon)
 p - a wand of flame (15)
   (You took it off an orc on level 4 of the Dungeon)
 w - a wand of polymorph (7)
   (You found it on level 10 of the Dungeon)
 I - a wand of mindburst (11)
   (You found it on level 8 of the Dungeon)
Scrolls
 f - 2 scrolls of vulnerability {!r!r}
 k - 3 scrolls of enchant armour
 n - 2 scrolls of immolation {!r!r}
 q - 2 scrolls of amnesia
 u - 6 scrolls of butterflies
 v - 2 scrolls of magic mapping {!r}
 x - 2 scrolls of enchant weapon
 C - a scroll of summoning
 D - a scroll of teleportation {@r4}
 J - 4 scrolls of fear
 L - a scroll of poison {!r}
 O - 2 scrolls of identify {@r1}
Potions
 a - a potion of magic
 b - 2 potions of attraction {!q}
 e - 5 potions of haste {@q3}
 g - 2 potions of curing {@q1}
 i - 5 potions of flight
 j - 5 potions of heal wounds {@q2}
 l - a potion of berserk rage {!q}
 r - a potion of might
 s - 2 potions of mutation {!q}
 z - 2 potions of lignification {!q}
 N - 3 potions of invisibility
 P - 2 potions of cancellation
 Q - a potion of brilliance
Miscellaneous
 E - a phantom mirror (inert)
   (You found it in a bailey)

Dungeon Overview and Level Annotations

Branches:
Dungeon (11/15) Zot: 24076  Temple (0/1) D:6            Lair (4/5) D:8 Zot: 19393
  Swamp (0/4) Lair:2        Snake (0/4) Lair:2        Slime (0/5) Lair:4
    Orc (0/2) D:10        Ossuary (visited)          Bailey (visited)

Altars:
Ashenzari
Cheibriados
Dithmenos
Gozag
Kikubaaqudgha
Okawaru
Sif Muna
Uskayaw
Wu Jian

Shops:
D:1 :   D:3 ?=:   D:6 *   D:10 [   D:11 *

Annotations:
D:7 2 transporters

*,***,**,#^.......,,,,,,****,**,,
*,**,,****#.#...#+.#,,*,* ****,,
,,,,,**#***#...<.<#***,** **,*
**,,** #.###...#####*##* ***,,*
,***** *#.#..P#.##.##.# **,**,,
,,,,,****#............## *,,,,,,
,,,,,,*.##.............#***,,,,,,
,,,,,*#..............#,,**,,,,,,,
,,,,,+..........@...##*,,,+,,,,,<
,,,,,*###P......D...#*,**,,,,,,,,
,,,,,* #P..........##**,**,,,,,,
,,,,,* ##...........# ****,,,,,,
**,*** #...###..##### *,,,,,,
**,,** ##.#.#...P##.# ***+,**
,,,,,***#.........P.#* **,,,,
,**,,,*,.............#* *,*,,,
,,,,,,,,,..≈.≈.≈....#.#* *,,,,,


You could see a six-headed hydra.


Message History

There is an entrance to an ice cave on this level.
Hurry and find it before the portal melts!
Found an escape hatch in the floor.
Found a stone staircase leading up and a stone staircase leading down.
There is a stone staircase leading up here.
Really read
v - 3 scrolls of magic mapping {!r}?
As you read the scroll of magic mapping {!r}, it crumbles to dust.
You feel aware of your surroundings.
You sensed 1 altar, and 1 shop/portal.
As you read the scroll of identify {@r1}, it crumbles to dust.
P - 2 potions of cancellation A six-headed hydra and a wolf come into view.
Unknown command.
Casting: Poisonous Vapours (safe; 1% risk of failure)
Confirm with . or Enter, or press ? or * to list all spells.
Aiming: Airstrike (safe; 1% risk of failure)
Press: ? - help, Dir - move target, f - six-headed hydra
Aim: a six-headed hydra (asleep, empty space bonus: 8/8)
The air twists around and strikes the six-headed hydra!!
The six-headed hydra roars!
You hear a bleat!
You hear a bellow!
A wolf comes into view.
An elephant comes into view.
A dream sheep comes into view.
You hear a howl!
MP[-4]
You lost 4 mp, and now have 16/20 mp.
Unknown command.
MP[+1]
Casting: Airstrike (safe; 1% risk of failure)
Confirm with . or Enter, or press ? or * to list all spells.
You don't know that spell.
Casting: Airstrike (safe; 1% risk of failure)
Confirm with . or Enter, or press ? or * to list all spells.
Aiming: Poisonous Vapours (safe; 1% risk of failure)
Press: ? - help, Dir - move target, f/p - six-headed hydra
Aim: a six-headed hydra (lightly wounded)
The six-headed hydra cannot be affected by poisonous vapours!
Unknown command.
Casting: Poisonous Vapours (safe; 1% risk of failure)
Confirm with . or Enter, or press ? or * to list all spells.
Aiming: Poisonous Vapours (safe; 1% risk of failure)
Press: ? - help, Dir - move target, f - wolf, p - six-headed hydra
Aim: a wolf Poisonous vapours surround the wolf!
The wolf looks as sick as possible!
The wolf barely misses you.
MP[-2]
You lost 2 mp, and now have 15/20 mp.
The wolf attacks as you move away! The wolf bites you.
HP[-2]
You take 2 damage, and now have 84/86 hp.
Casting: Poisonous Vapours (safe; 1% risk of failure)
Confirm with . or Enter, or press ? or * to list all spells.
You ignite the poison in your surroundings!
The wolf seems to burn from within!!!!
You kill the wolf!
HP[+1] MP[-3]
You lost 3 mp, and now have 12/20 mp.
Casting: Ignite Poison (mildly dangerous; 3% risk of failure)
Confirm with . or Enter, or press ? or * to list all spells.
Aiming: Airstrike (safe; 1% risk of failure)
Press: ? - help, Dir - move target, f - six-headed hydra
Aim: a six-headed hydra (lightly wounded, empty space bonus: 7/8)
The air twists around and strikes the six-headed hydra!!
MP[-4]
You lost 4 mp, and now have 8/20 mp.
Casting: Airstrike (safe; 1% risk of failure)
Confirm with . or Enter, or press ? or * to list all spells.
Aiming: Stone Arrow (safe; 1% risk of failure)
Press: ? - help, Shift-Dir - straight line, f/p - six-headed hydra
Aim: a six-headed hydra (heavily wounded, 92% to hit)
The stone arrow hits the six-headed hydra!!
MP[-3]
You lost 3 mp, and now have 5/20 mp.
Casting: Stone Arrow (safe; 1% risk of failure)
Confirm with . or Enter, or press ? or * to list all spells.
Aiming: Stone Arrow (safe; 1% risk of failure)
Press: ? - help, Shift-Dir - straight line, f/p - six-headed hydra
Aim: a six-headed hydra (severely wounded, 92% to hit)
The stone arrow hits the six-headed hydra!
The six-headed hydra bites you!
The six-headed hydra completely misses you.
The six-headed hydra bites you. The six-headed hydra bites you!
The six-headed hydra bites you. The six-headed hydra bites you!
* * * LOW HITPOINT WARNING * * *
HP[-43] MP[-2]
You take 43 damage, and now have 42/86 hp.
MASSIVE DAMAGE!! (PAUSE)
You lost 2 mp, and now have 3/20 mp.
Casting: Stone Arrow (safe; 1% risk of failure)
Confirm with . or Enter, or press ? or * to list all spells.
Aiming: Stone Arrow (safe; 1% risk of failure)
Press: ? - help, Shift-Dir - straight line, f/p - six-headed hydra
Aim: a six-headed hydra (almost dead, 92% to hit)
The stone arrow misses the six-headed hydra.
The six-headed hydra bites you!
* * * LOW HITPOINT WARNING * * *
The six-headed hydra bites you!
* * * LOW HITPOINT WARNING * * *
The six-headed hydra bites you!
* * * LOW HITPOINT WARNING * * *
The six-headed hydra misses you. The six-headed hydra bites you!
You die...
Your body crumbles into a pile of gold.

Skill      XL: |  1  2  3  4  5  6  7  8  9 10 11 12 13 |
---------------+----------------------------------------+-----
Stealth        | 3 4 5 |  5.0
Poison Magic   | 4 5 7 8 10 | 10.0
Fighting       | 2 5 7 |  7.0
Dodging        | 5 7 |  7.0
Spellcasting   | 4 5 |  5.0
Conjurations   | 6 7 |  7.7
Earth Magic    | 6 7 |  7.7
Necromancy     | 4 |  4.3
Air Magic      | 5 11 12 | 12.3
Transmutations | |  1.0

Action                   |  1- 3 |  4- 6 |  7- 9 | 10-12 | 13-15 || total
-------------------------+-------+-------+-------+-------+-------++-------
Melee: Unarmed           |    12 |       |       |       |       ||    12
       Constrict         |    15 |    19 |    31 |     9 |       ||    74
       Tentacles         |    12 |    17 |    38 |    13 |       ||    80
       Punch             |     1 |     1 |     4 |       |       ||     6
       Dagger            |    34 |    65 |   122 |       |       ||   221
       Short sword       |    10 |       |       |    17 |       ||    27
       Long sword        |       |       |     5 |    32 |       ||    37
 Cast: Sting             |    21 |    22 |    11 |       |       ||    54
       Poisonous Vapours |       |    12 |    60 |    69 |     7 ||   148
       Olgreb's Toxic Ra |       |       |    19 |    55 |       ||    74
       Stone Arrow       |       |       |       |    49 |     3 ||    52
       Ignite Poison     |       |       |       |    45 |     3 ||    48
       Airstrike         |       |       |       |    14 |     9 ||    23
Evoke: Phantom mirror    |       |       |       |     1 |       ||     1
  Use: Scroll            |       |     3 |     8 |    13 |     2 ||    26
       Potion            |       |       |     1 |    14 |       ||    15
 Stab: Sleeping          |    13 |     2 |     6 |     2 |       ||    23
Armor: Skin              |     5 |     3 |     8 |     4 |       ||    20
Dodge: Dodged            |    34 |    35 |   122 |   122 |     4 ||   317

Levels and vault maps discovered:
D:1:      sevenhm_arrival_forest_fort_large_2, layout_basic, serial_shops, shop,
          dreamdust_ecumenical_altar_drowned_temple, corexii_corridor_pit
D:2:      layout_loops_ring
D:3:      layout_rooms, serial_shops, nicolae_shop_behind_doors,
          nicolae_shop_crystal, shop_fountains
D:4:      layout_rooms, uniq_eustachio, uniq_grinder
D:5:      layout_basic, mainiacjoe_overflow_tiny_flanked,
          hangedman_decor_points, uniq_prince_ribbit1
D:6:      layout_loops_ring, amethyst_overflow_temple_binary,
          gammafunk_temple_overflow_pools, minmay_temple_entry_fiery,
          nicolae_evil_shop
D:7:      layout_rooms, mainiacjoe_overflow_catwalk,
          gammafunk_temple_overflow_arena, kennysheep_little_box,
          enter_ossuary_1
D:8:      layout_loops_corners, grunt_dithmenos_smoke_and_mirrors,
          grunt_lair_entry_orc_guard_hut, enter_bailey_3
D:9:      layout_roguey [special_room_orc], serial_glass, glass_columns_c,
          glass_columns_a, glass_columns_b, glass_columns_a, minmay_hedge_maze
D:10:     layout_roguey, david_orc_5, serial_shops, nicolae_shop_waterfront
D:11:     layout_rooms, hangedman_weighted_door, nicolae_elemental_shop,
          uniq_harold, uniq_grum
Lair:1:   layout_layer_cave, minmay_shattered_shrine, grunt_megastairs_3,
          infiniplex_staircase_pool_2
Lair:2:   layout_misc_corridors, swamp_mist, dummy_snake_entry,
          grunt_megastairs_2
Lair:3:   layout_chaotic_city, lemuel_fruit_tree, infiniplex_staircase_pool
Lair:4:   layout_roguey, slime_entry_1, portal_ice_cave_entry_ice_simulacra,
          nicolae_quartered_pool_little, hibernation_bobbens

Notes
Turn   | Place    | Note
-------+----------+-------------------------------------------
     0 | D:1      | zeratav the Octopode Venom Mage began the quest for the
                  | Orb.
     0 | D:1      | Reached XP level 1. HP: 11/11 MP: 3/3
     0 | D:1      | magus.rc [v1.9.6]
    61 | D:1      | Reached skill level 3 in Stealth
   124 | D:1      | Reached skill level 4 in Poison Magic
   124 | D:1      | Reached XP level 2. HP: 17/17 MP: 5/5
   158 | D:1      | Found a faded altar of an unknown god.
   522 | D:1      | Found Ushyr's Book Shoppe.
   540 | D:1      | Reached XP level 3. HP: 15/21 MP: 1/6
   715 | D:1      | Reached skill level 4 in Stealth
  1516 | D:2      | HP: 4/21 [jackal (3)]
  1523 | D:2      | HP: 3/21 [jackal (1)]
  1808 | D:2      | You add the spells Alistair's Intoxication, Borgnjor's Vile
                  | Clutch and Eringya's Noxious Bog to your library.
  1833 | D:2      | Reached XP level 4. HP: 14/27 MP: 3/7
  2294 | D:3      | Reached skill level 5 in Poison Magic
  2412 | D:3      | Found Bolaqi's Magic Scroll Shop.
  2415 | D:3      | Bought a scroll of identify for 24 gold pieces
  2415 | D:3      | Bought a scroll of identify for 24 gold pieces
  2415 | D:3      | Identified a scroll of acquirement
  2419 | D:3      | Acquired the ring of Utruywikh {rC+ rN+ Stlth+}
  2464 | D:3      | Found Peamumuf's Jewellery Emporium.
  2470 | D:3      | Reached skill level 5 in Stealth
  2488 | D:3      | Found Gyacrof's Book Shoppe.
  2788 | D:3      | You pick up a book of Annihilations and begin reading...
  2788 | D:3      | You add the spells Chain Lightning, Fire Storm and Shatter
                  | to your library.
  2926 | D:4      | Noticed an orc warrior
  2979 | D:3      | Learned a level 2 spell: Poisonous Vapours
  2984 | D:3      | Learned a level 4 spell: Olgreb's Toxic Radiance
  3005 | D:4      | Reached XP level 5. HP: 10/31 MP: 1/8
  3240 | D:4      | Reached skill level 6 in Poison Magic
  3467 | D:4      | Reached skill level 7 in Poison Magic
  3467 | D:4      | Reached XP level 6. HP: 35/36 MP: 2/9
  3558 | D:4      | Noticed Grinder
  3992 | D:4      | Noticed Eustachio
  4154 | D:4      | Killed Grinder
  4155 | D:4      | Reached skill level 8 in Poison Magic
  4155 | D:4      | Reached XP level 7. HP: 18/41 MP: 4/10
  4537 | D:4      | You pick up a book of Touch and begin reading...
  4537 | D:4      | You add the spells Static Discharge, Sticky Flame and
                  | Dispel Undead to your library.
  4541 | D:4      | You pick up a book of Armaments and begin reading...
  4541 | D:4      | You add the spells Stone Arrow and Lehudib's Crystal Spear
                  | to your library.
  4601 | D:4      | You pick up a book of Flames and begin reading...
  4601 | D:4      | You add the spells Foxfire, Conjure Flame, Inner Flame and
                  | Flame Wave to your library.
  4697 | D:5      | Entered Level 5 of the Dungeon
  4705 | D:5      | Reached skill level 9 in Poison Magic
  4809 | D:5      | HP: 9/41 [gnoll sergeant/+0 trident (9)]
  5297 | D:4      | Killed Eustachio
  5298 | D:4      | Reached skill level 10 in Poison Magic
  5298 | D:4      | Reached skill level 2 in Fighting
  5381 | D:4      | Reached XP level 8. HP: 51/51 MP: 1/11
  5658 | D:4      | HP: 12/51 [gnoll/+0 flail[a gnoll sergeant] (7)]
  5661 | D:4      | HP: 3/51 [gnoll/+0 flail[a gnoll sergeant] (10)]
  5966 | D:5      | Reached skill level 3 in Fighting
  5966 | D:5      | Reached skill level 3 in Dodging
  6592 | D:5      | Noticed Prince Ribbit
  6613 | D:5      | Killed Prince Ribbit
  6614 | D:5      | Reached skill level 4 in Fighting
  6614 | D:5      | Reached skill level 4 in Dodging
  6780 | D:5      | Found an opulent altar of Gozag.
  6850 | D:5      | Became a worshipper of Gozag Ym Sagoz the Greedy
  6986 | D:6      | Found a staircase to the Ecumenical Temple.
  7241 | D:6      | Reached skill level 5 in Fighting
  7241 | D:6      | Reached skill level 5 in Dodging
  7323 | D:6      | Reached XP level 9. HP: 56/61 MP: 7/12
  7771 | D:6      | Found Gulasok's Evil Emporium.
  7984 | D:6      | Found a shimmering blue altar of Sif Muna.
  7984 | D:6      | Found an ancient bone altar of Kikubaaqudgha.
  8062 | D:6      | Found an ornate altar of the Wu Jian Council.
  8062 | D:6      | Found an iron altar of Okawaru.
  8147 | D:7      | Found a sand-covered staircase.
  8205 | Ossuary  | Entered an ossuary
  8543 | D:3      | Bought the ring of Isearaps {rN+ Will+ SInv Stlth+} for 449
                  | gold pieces
  8657 | D:7      | Found a transporter.
  8659 | D:7      | Noticed a boulder beetle
  8677 | D:7      | Found a hide-covered altar of Uskayaw.
  8693 | D:7      | Found a transporter.
  8695 | D:7      | Noticed a manticore
  8695 | D:7      | Noticed a manticore
  8697 | D:7      | Found a broken altar of Ashenzari.
  8749 | D:7      | Reached skill level 6 in Fighting
  8749 | D:7      | Reached skill level 6 in Dodging
  9027 | D:7      | You pick up a book of Changes and begin reading...
  9027 | D:7      | You add the spells Beastly Appendage, Wereblood and Spider
                  | Form to your library.
  9064 | D:7      | Acquired the ring "Zoliywn" {rC+ Will+ rCorr Slay-2}
  9183 | D:7      | Found a snail-covered altar of Cheibriados.
  9238 | D:7      | Identified the +7 long sword "Onnafruh" {drain, *Corrode
                  | Str+4 Dex+3}
  9516 | D:8      | Found a flagged portal.
  9549 | Bailey   | Entered a bailey
  9581 | Bailey   | Reached skill level 7 in Fighting
  9581 | Bailey   | Reached skill level 7 in Dodging
  9733 | Bailey   | Reached skill level 3 in Spellcasting
  9814 | Bailey   | Found an iron altar of Okawaru.
  9836 | Bailey   | Reached skill level 4 in Spellcasting
 10044 | Bailey   | Identified the +2 rapier of Guilt {flame, *Slow Fly Int+8
                  | Dex+4}
 10082 | D:8      | Reached XP level 10. HP: 71/71 MP: 8/17
 10095 | D:8      | Reached skill level 5 in Spellcasting
 10100 | D:8      | Reached skill level 1 in Conjurations
 10100 | D:8      | Reached skill level 1 in Earth Magic
 10325 | D:3      | Bought a +6 ring of intelligence for 468 gold pieces
 10345 | D:3      | Bought a scroll of acquirement for 624 gold pieces
 10345 | D:3      | Acquired the ring "Ycseteg" {rN+ Str+3 Int+2}
 10475 | D:8      | Reached skill level 2 in Conjurations
 10475 | D:8      | Reached skill level 2 in Earth Magic
 10534 | D:8      | Found a staircase to the Lair.
 10689 | D:8      | Found a shadowy altar of Dithmenos.
 11093 | D:8      | Noticed a cyclops
 11125 | D:8      | Killed a cyclops
 11126 | D:8      | Reached skill level 3 in Conjurations
 11126 | D:8      | Reached skill level 3 in Earth Magic
 11446 | D:3      | Bought the Handbook of the Escort and Incandescence for 500
                  | gold pieces
 11446 | D:3      | You add the spells Scorch, Call Imp, Ignite Poison, Summon
                  | Lightning Spire and Dragon's Call to your library.
 11450 | D:3      | Learned a level 3 spell: Ignite Poison
 11454 | D:3      | Learned a level 3 spell: Stone Arrow
 12023 | D:9      | Reached skill level 4 in Conjurations
 12023 | D:9      | Reached skill level 4 in Earth Magic
 12241 | D:9      | Reached skill level 5 in Conjurations
 12241 | D:9      | Reached skill level 5 in Earth Magic
 12733 | D:9      | Identified a +1 robe of the Archmagi
 12928 | D:9      | Reached skill level 6 in Conjurations
 12928 | D:9      | Reached skill level 6 in Earth Magic
 13114 | D:9      | Reached XP level 11. HP: 75/75 MP: 10/18
 13510 | D:9      | Upgraded the game from 0.29-a0-887-gcbe080d7e0 to
                  | 0.29-a0-892-g2c4c91d9db
 13510 | D:9      | magus.rc [v1.9.6]
 13548 | D:10     | Entered Level 10 of the Dungeon
 13613 | Lair:1   | Entered Level 1 of the Lair of Beasts
 13832 | D:10     | Reached skill level 1 in Necromancy
 14044 | D:10     | Found a staircase to the Orcish Mines.
 14051 | D:10     | Reached skill level 2 in Necromancy
 14242 | D:10     | You pick up a book of Decay and begin reading...
 14268 | D:10     | Found Feew's Antique Armour Shop.
 14771 | D:11     | Noticed a two-headed ogre
 14775 | D:11     | Killed a two-headed ogre
 14776 | D:11     | Reached skill level 7 in Conjurations
 14776 | D:11     | Reached skill level 3 in Necromancy
 14776 | D:11     | Reached skill level 7 in Earth Magic
 14862 | D:11     | Noticed Harold
 14867 | D:11     | Killed Harold
 14990 | D:11     | Found Acamen's Elemental Accessories.
 14999 | D:11     | Noticed Grum
 15000 | D:11     | Noticed a two-headed ogre
 15001 | D:11     | Reached skill level 4 in Necromancy
 15021 | D:11     | Killed a two-headed ogre
 15416 | D:1      | Bought a book of Storms for 448 gold pieces
 15416 | D:1      | You pick up a book of Storms and begin reading...
 15416 | D:1      | You add the spells Airstrike and Lightning Bolt to your
                  | library.
 15633 | D:11     | Noticed a cyclops
 15636 | D:11     | Noticed a boulder beetle
 15637 | D:11     | Killed a cyclops
 15638 | D:11     | Reached skill level 1 in Air Magic
 15640 | D:11     | Killed a boulder beetle
 15641 | D:11     | Reached skill level 3 in Air Magic
 15665 | D:11     | Killed Grum
 15893 | D:11     | Reached skill level 4 in Air Magic
 16215 | D:11     | Noticed a cyan ugly thing
 16230 | D:11     | Killed a cyan ugly thing
 16231 | D:11     | Reached skill level 5 in Air Magic
 16231 | D:11     | Reached XP level 12. HP: 81/81 MP: 5/19
 16636 | D:11     | HP: 20/81 [spectral centaur warrior (2)]
 16927 | D:11     | You pick up a book of Ice and begin reading...
 16927 | D:11     | You add the spells Freezing Cloud and Polar Vortex to your
                  | library.
 16959 | D:11     | Reached skill level 6 in Air Magic
 17130 | D:11     | Gained mutation: You are somewhat resistant to further
                  | mutation. [potion of mutation]
 17130 | D:11     | Gained mutation: You expend magic power (3 MP) to
                  | strengthen your wands. [potion of mutation]
 17396 | D:11     | Learned a level 4 spell: Airstrike
 17533 | D:3      | Bought a scroll of amnesia for 48 gold pieces
 17533 | D:3      | Bought a scroll of summoning for 114 gold pieces
 17533 | D:3      | Bought a scroll of fear for 48 gold pieces
 17715 | Lair:1   | Reached skill level 7 in Air Magic
 17780 | Lair:1   | Noticed a five-headed hydra
 17789 | Lair:1   | Killed a five-headed hydra
 18297 | Lair:1   | Reached skill level 8 in Air Magic
 18684 | Lair:1   | Noticed a catoblepas
 18750 | Lair:1   | Killed a catoblepas
 18751 | Lair:1   | Reached skill level 9 in Air Magic
 19526 | Lair:1   | HP: 11/81 [black mamba (13)]
 19993 | Lair:2   | Reached skill level 10 in Air Magic
 20327 | Lair:2   | You add the spells Teleport Other and Iskenderun's Mystic
                  | Blast to your library.
 20327 | Lair:2   | Got Ytoevyida's Quarto of Translocated Arcane Weapons
 20353 | Lair:2   | Found a staircase to the Snake Pit.
 20468 | Lair:2   | Found a staircase to the Swamp.
 21010 | Lair:3   | Reached skill level 11 in Air Magic
 21376 | Lair:3   | Reached XP level 13. HP: 86/86 MP: 12/20
 21634 | Lair:3   | You pick up a book of the Sky and begin reading...
 21634 | Lair:3   | You add the spells Storm Form and Maxwell's Capacitive
                  | Coupling to your library.
 21827 | Lair:3   | You pick up a book of Minor Magic and begin reading...
 21860 | Lair:3   | Reached skill level 12 in Air Magic
 22242 | Lair:4   | HP: 17/86 [six-headed hydra (11)]
 22242 | Lair:4   | HP: 2/86 [six-headed hydra (15)]
 22242 | Lair:4   | Mangled by a six-headed hydra

Vanquished Creatures
  2 hydras
  A catoblepas (Lair:1)
  Harold (D:11)
  A boulder beetle (D:11)
  2 two-headed ogres (D:11)
  A lindwurm (Lair:3)
  2 cyclopes
  An ugly thing (D:11)
  A spectral centaur (D:11)
  5 black mambas
  A cane toad (Lair:1)
  A kobold demonologist (D:11)
  2 centaur skeletons (D:11)
  A rime drake (Lair:2)
  8 komodo dragons
  2 trolls
  A polar bear (Lair:2)
  Grinder (D:4)
  Prince Ribbit (D:5)
  A dream sheep (Lair:1)
  4 blink frogs (Lair:3)
  2 wraiths
  15 yaks
  4 wyverns
  A shadow (D:11)
  Eustachio (D:4)
  Grum (D:11)
  2 basilisks
  A steam dragon (D:10)
  6 water moccasins
  3 ice beasts
  17 orc warriors
  2 ogres
  6 wolves
  3 centaurs
  10 kobold brigands
  7 bullfrogs
  A necrophage (D:5)
  A gnoll sergeant (D:5)
  4 scorpions
  8 wights (D:9)
  7 killer bees
  9 howler monkeys
  A centaur zombie (Ossuary)
  3 hounds
  2 jellies
  A gnoll bouda (D:6)
  12 orc priests
  A boggart zombie (D:11)
  6 iguanas
  9 orc wizards
  4 hell rats (Lair:2)
  2 mummies (Ossuary)
  A howler monkey zombie (D:11)
  9 gnolls
  5 adders
  2 worms
  6 dart slugs
  80 orcs
  7 ball pythons
  3 bats (D:1)
  6 endoplasms
  3 giant cockroaches
  4 gnoll zombies (Ossuary)
  9 hobgoblins
  4 jackals (D:2)
  25 kobolds
  A quokka (D:3)
  2 frilled lizards
  12 goblins
  3 goblin zombies (Ossuary)
  2 hobgoblin zombies (Ossuary)
  4 orc zombies (Ossuary)
  7 rats
  A spectral goblin (D:1)
388 creatures vanquished.

Vanquished Creatures (others)
  An orc wizard (D:11)
  30 fungi
  30 plants
61 creatures vanquished.

Grand Total: 449 creatures vanquished

Table legend:
 A = Non-vault XP
 B = Vault XP
 C = Vault XP percentage of total XP
 D = Non-vault monster count
 E = Vault monster count
 F = Vault count percentage of total count
                 A         B        C        D         E       F
            +---------+---------+-------+---------+---------+-------
      Total |   25098 |    9646 |  27.8 |     281 |     108 |  27.8
            +---------+---------+-------+---------+---------+-------
        D:1 |      48 |       1 |   2.0 |      23 |       1 |   4.2
        D:2 |      52 |       0 |   0.0 |      20 |       0 |   0.0
        D:3 |      50 |       0 |   0.0 |      18 |       0 |   0.0
        D:4 |     508 |     473 |  48.2 |      24 |       2 |   7.7
        D:5 |     934 |     277 |  22.9 |      19 |       1 |   5.0
        D:6 |     506 |       0 |   0.0 |      18 |       0 |   0.0
        D:7 |     778 |       0 |   0.0 |      14 |       0 |   0.0
        D:8 |    1374 |     313 |  18.6 |      23 |       7 |  23.3
        D:9 |    2471 |     227 |   8.4 |      31 |      24 |  43.6
       D:10 |    1212 |     921 |  43.2 |      17 |      22 |  56.4
       D:11 |    5974 |    2611 |  30.4 |      28 |       9 |  24.3
     Lair:1 |    2903 |    3570 |  55.2 |      12 |       8 |  40.0
     Lair:2 |    2819 |       0 |   0.0 |      15 |       0 |   0.0
     Lair:3 |    5353 |       0 |   0.0 |      18 |       0 |   0.0
     Lair:4 |     116 |       0 |   0.0 |       1 |       0 |   0.0
    Ossuary |       0 |     100 | 100.0 |       0 |      16 | 100.0
     Bailey |       0 |    1153 | 100.0 |       0 |      18 | 100.0
            +---------+---------+-------+---------+---------+-------

Illustrated notes

Table legend:
 A = Kills in this place as a percentage of kills in entire the game.
 B = Kills by you in this place as a percentage of kills by you in the entire game.
 C = Kills by friends in this place as a percentage of kills by friends in the entire game.
 D = Other kills in this place as a percentage of other kills in the entire game.
 E = Experience gained in this place as a percentage of experience gained in the entire game.
 F = Experience gained in this place divided by the number of levels of this place that you have seen.
                   A       B       C       D       E      F
               +-------+-------+-------+-------+-------+----------------------
         Total | 100.0 | 100.0 |   N/A | 100.0 | 100.0 | 2043.8
       Dungeon |  77.4 |  77.3 |   N/A | 100.0 |  53.9 | 1702.7
          Lair |  13.9 |  13.9 |   N/A |   0.0 |  42.5 | 3690.2
       Ossuary |   4.1 |   4.1 |   N/A |   0.0 |   0.3 | 100.0
        Bailey |   4.6 |   4.6 |   N/A |   0.0 |   3.3 | 1153.0
               +-------+-------+-------+-------+-------+----------------------

Table legend: (Time is in decaauts)
 A = Elapsed time spent in this place.
 B = Non-inter-level travel time spent in this place.
 C = Inter-level travel time spent in this place.
 D = Time resting spent in this place.
 E = Time spent auto-exploring this place.
 F = Levels seen in this place.
 G = Mean time per level.
                   A        B        C        D        E       F      G
               +--------+--------+--------+--------+--------+-----+--------+
         Total |  22317 |  20261 |   2056 |   6143 |  10685 |  17 | 1312.8 |
       Dungeon |  16962 |  15015 |   1947 |   4254 |   8064 |  11 | 1542.0 |
          Lair |   4605 |   4496 |    109 |   1651 |   2322 |   4 | 1151.2 |
       Ossuary |    221 |    221 |      0 |      0 |    133 |   1 |  221.0 |
        Bailey |    527 |    527 |      0 |    237 |    166 |   1 |  527.0 |
               +--------+--------+--------+--------+--------+-----+--------+

Top non-repeatable levels by time:
     D:4: 2412 daAuts
    D:11: 2368 daAuts
  Lair:1: 2195 daAuts
     D:5: 1838 daAuts
     D:9: 1674 daAuts
     D:8: 1592 daAuts
     D:1: 1387 daAuts
  Lair:3: 1380 daAuts
     D:6: 1318 daAuts
     D:3: 1213 daAuts
    D:10: 1147 daAuts
     D:7: 1029 daAuts
  Lair:2: 1001 daAuts
     D:2: 980 daAuts
  Bailey: 527 daAuts
